 Dungeon Crawl Stone Soup version 0.28-a0-2-g643f2454ad (webtiles) character file.

Game seed: 11980425091283008873

7 robertstho the Skirmisher (level 2, 0/16 HPs)
             Began as a Vine Stalker Fighter on July 22, 2021.
             Succumbed to a goblin's poison
             ... on level 1 of the Dungeon.
             The game lasted 00:00:33 (407 turns).

robertstho the Skirmisher (Vine Stalker Fighter)     Turns: 407, Time: 00:00:34

Health: 0/16       AC:  6    Str: 18    XL:     2   Next: 0%
Magic:  3/3        EV:  7    Int:  8    God:
Gold:   0          SH:  9    Dex: 13    Spells: 1/1 levels left

rFire   . . .      SeeInvis .   a - +0 trident
rCold   . . .      Faith    .   c - +0 kite shield
rNeg    . . .      Spirit   +   b - +0 scale mail
rPois   .          Reflect  .   (no helmet)
rElec   .          Harm     .   (no cloak)
rCorr   .          Rampage  .   (no gloves)
Will    .....                   (no boots)
Stlth   ..........              (no amulet)
HPRegen 0.05/turn               (no ring)
MPRegen 0.08/turn               (no ring)

@: lethally poisoned (0 -> -5)
A: fangs 2, magic shield, antimagic bite, no potion heal 2
a: no special abilities


You were on level 1 of the Dungeon.
You visited 1 branch of the dungeon, and saw 1 of its levels.

Inventory:

Hand Weapons
 a - a +0 trident (weapon)
Armour
 b - a +0 scale mail (worn)
 c - a +0 kite shield (worn)


   Skills:
 * Level 2.9 Fighting
 + Level 1.8 Polearms
 * Level 2.6 Armour
 + Level 2.6 Shields


You had one spell level left.
You didn't know any spells.
Your spell library was empty.

Dungeon Overview and Level Annotations

Branches:
Dungeon (1/15)

Altars:


Innate Abilities, Weirdness & Mutations

You have extremely sharp teeth.
When hurt, damage is shared between your health and your magic reserves.
Your bite disrupts and absorbs the magic of your enemies.
Potions cannot restore your health.


Message History

d - a scroll labelled IXTIAG SODUPLE A quokka, a jackal, a goblin and a kobold come into view.
The goblin is wielding a +1 dagger of venom.
The kobold shouts!
The goblin shouts!
There are monsters nearby!
There are monsters nearby!
There are monsters nearby!
There are monsters nearby!
A rat comes into view.
Found 17 bolts.
Your shield prevents you from hitting the goblin.
Your bite misses the goblin. You block the goblin's attack.
You closely miss the kobold. You bite the kobold, but do no damage.
The jackal bites the plant.
The plant begins to die.
The goblin hits you but does no damage.
The jackal bites the plant.
The kobold barely misses you.
The goblin hits you with a +1 dagger of venom.
You are poisoned.
You hit the kobold but do no damage. You bite the kobold. You drain its power.
The kobold is severely wounded.
You feel sick.
The jackal bites the plant. x2; The kobold barely misses you.
The goblin hits you but does no damage.
You are lethally poisoned!
Unknown command.
You feel very sick.
The jackal bites the plant.
You feel sick.
* * * LOW HITPOINT WARNING * * *
You feel very sick.
* * * LOW HITPOINT WARNING * * *
You feel sick.
You aren't carrying any potions.
As you read the scroll labelled IXTIAG SODUPLE, it crumbles to dust.
It is a scroll of identify.
You don't have any unidentified items.
* * * LOW HITPOINT WARNING * * *
You feel sick. You block the kobold's attack.
You barely miss the kobold.
The kobold is severely wounded.
You die...

#...# ####...####
#.........###. .## .
#............. P.. (#
#.........###. ≈≈.≈ ..
####...######. ≈≈≈rP♣.
#..)........
≈≈≈.≈♣.###########...#######
≈≈≈≈P≈P#rhK@...# #.###
≈.≈....#.#####.# #.########
.≈.≈≈Pr..# #.###.........
...♣..##.# #......####### ##
#.# #.####.# #.#####.# #.#
#.......# #.# ####.#### #.#
..............#.#


You could see a quokka, a jackal and a kobold.

Vanquished Creatures
  An endoplasm (D:1)
  A goblin (D:1)
  2 jackals (D:1)
  A ball python (D:1)
  A rat (D:1)
6 creatures vanquished.

Vanquished Creatures (others)
  A plant (D:1)
1 creature vanquished.

Grand Total: 7 creatures vanquished

Notes
Turn   | Place    | Note
-------+----------+-------------------------------------------
     0 | D:1      | robertstho the Vine Stalker Fighter began the quest for the
                  | Orb.
     0 | D:1      | Reached XP level 1. HP: 11/11 MP: 2/2
   377 | D:1      | Reached XP level 2. HP: 16/16 MP: 3/3
   407 | D:1      | Succumbed to a goblin's poison

Illustrated notes

Levels and vault maps discovered:
D:1:      saegor_arrival_simple_b, layout_loops_ring, serial_bayou,
          serial_bayou_lagoon_a, serial_bayou_shore_b, serial_bayou_ford_a,
          serial_bayou_pond_b, serial_bayou_pond_d

Action                   || total
-------------------------++-------
Melee: Trident           ||    20
       Bite              ||     3
  Use: Potion            ||     2
       Scroll            ||     1
Armor: Scale mail        ||    10
Dodge: Dodged            ||     6
Block: Kite shield       ||    11

Table legend: (Time is in decaauts)
 A = Elapsed time spent in this place.
 B = Non-inter-level travel time spent in this place.
 C = Inter-level travel time spent in this place.
 D = Time resting spent in this place.
 E = Time spent auto-exploring this place.
 F = Levels seen in this place.
 G = Mean time per level.
                   A        B        C        D        E       F      G
               +--------+--------+--------+--------+--------+-----+--------+
         Total |    417 |    417 |      0 |      0 |    368 |   1 |  417.0 |
       Dungeon |    417 |    417 |      0 |      0 |    368 |   1 |  417.0 |
               +--------+--------+--------+--------+--------+-----+--------+

Top non-repeatable levels by time:
     D:1: 417 daAuts
